 Dungeon Crawl Stone Soup version 0.15.0-11-g6f4f891 (webtiles) character file.

769 Fluffy the Covered (level 8, 0/61 HPs)
             Began as a Human Fighter on Aug 30, 2014.
             Was a Follower of Zin.
             Slain by a gnoll sergeant
             ... wielding a +5 spear of piercing
              (10 damage)
             ... on Level 5 of the Dungeon.
             The game lasted 00:20:55 (4448 turns).

Fluffy the Covered (Human Fighter)                  Turns: 4448, Time: 00:20:55

HP   0/61        AC 15     Str 17      XL: 8   Next:  9%
MP  10/10        EV 13     Int  9      God: Zin [*.....]
Gold 148         SH 10     Dex 19      Spells:  0 memorised,  7 levels left

rFire  + . .     SeeInvis .     a - +1 long sword
rCold  . . .     Clarity  .     j - +2 ring mail {rF+}
rNeg   . . .     rCorr    .     c - +0 shield
rPois  .         rRot     .     r - +2 helmet
rElec  .         Spirit   .     m - +0 cloak
SustAb .         Warding  .     (no gloves)
rMut   .         Stasis   .     h - +2 pair of boots
Gourm  .                        (no amulet)
MR     .....                    (no ring)
                                (no ring)

@: agile, not resistant to hostile enchantments, unstealthy
A: no striking features
a: Recite, Renounce Religion


You were on level 5 of the Dungeon.
You worshipped Zin.
Zin was aware of your devotion.
You were not hungry.

You visited 2 branches of the dungeon, and saw 6 of its levels.

You collected 164 gold pieces.
You donated 16 gold pieces to Zin.

Inventory:

Hand weapons
 a - a +1 long sword (weapon)
 l - a +1 short sword of venom
Armour
 c - a +0 shield (worn)
 h - a +2 pair of boots (worn)
 j - a +2 ring mail of fire resistance (worn)
 m - a +0 cloak (worn)
 r - a +2 helmet (worn)
Magical devices
 t - a wand of paralysis (14)
Comestibles
 b - a chunk of jackal flesh
 d - 5 bread rations
Scrolls
 o - a scroll of blinking
 q - a scroll of teleportation
 v - a scroll of remove curse
Potions
 f - a potion of flight
 g - 5 potions of curing
 i - a potion of restore abilities
 k - a potion of agility
 n - 2 potions of cure mutation
 p - 2 potions of resistance


   Skills:
 + Level 4.8 Fighting
 + Level 4.5 Long Blades
 + Level 5.2 Armour
 + Level 4.9 Shields
 + Level 1.9 Invocations


You had 7 spell levels left.
You didn't know any spells.

Dungeon Overview and Level Annotations

Branches:
Dungeon (5/15)             Temple (1/1) D:5

Altars:
Ashenzari
Cheibriados
Dithmenos
Elyvilon
Fedhas
Kikubaaqudgha
Makhleb
Nemelex Xobeh
Okawaru
Sif Muna
Trog
Vehumet
Xom
Zin


Message History

* * * LOW HITPOINT WARNING * * *
You hit the gnoll sergeant.
The gnoll sergeant is moderately wounded.
The gnoll sergeant misses you. The gnoll sergeant blocks your attack.
The gnoll sergeant is moderately wounded.
The gnoll sergeant hits you but does no damage.
You hit the gnoll sergeant.
The gnoll sergeant is moderately wounded.
The gnoll sergeant hits you with a runed spear.
* * * LOW HITPOINT WARNING * * *
x2 The gnoll sergeant hits you but does no damage.
You slash the gnoll sergeant!
The gnoll sergeant is severely wounded.
The gnoll sergeant hits you with a runed spear.
* * * LOW HITPOINT WARNING * * *
x2 You hit the gnoll sergeant but do no damage.
The gnoll sergeant is severely wounded.
The gnoll sergeant hits you with a runed spear!
You die...

#........<..).........#
#.....................#
'.....................#
#.....................#
#.....................#
##'####'######...##...#
#...###.... ####'##...#
#.....'.....+..>).#...#
#.....#.... #...@)+...#
'.....#... #..g..#...#
#.....# ##...##...#
#....## #...##...#
#....# #........ #....#
#.... +....# .....
#....+ .....## #....
#+#


You could see a gnoll sergeant.

Vanquished Creatures
  The ghost of Fluffy the Skirmisher, an average HuFi (D:3)
  An ogre (D:4)
  Sigmund (D:2)
  A gnoll shaman (D:5)
  3 orc priests
  2 worker ants (D:5)
  3 orc wizards
  Jessica (D:4)
  7 gnolls (D:5)
  3 adders (D:4)
  A giant mite (D:4)
  An inept item mimic (D:2)
  2 worms (D:3)
  2 oozes
  17 orcs
  2 ball pythons (D:3)
  10 bats
  5 giant cockroaches
  8 hobgoblins
  15 jackals
  8 kobolds
  4 giant newts
  7 goblins
  A goblin skeleton (D:4)
  An orc zombie (D:5)
  6 rats
113 creatures vanquished.

Notes
Turn   | Place    | Note
--------------------------------------------------------------
     0 | D:1      | Fluffy, the Human Fighter, began the quest for the Orb.
     0 | D:1      | Reached XP level 1. HP: 18/18 MP: 1/1
    68 | D:1      | Reached XP level 2. HP: 20/24 MP: 2/2
   655 | D:2      | Found a burning altar of Makhleb.
   731 | D:2      | Reached XP level 3. HP: 25/29 MP: 3/3
   880 | D:2      | Noticed Sigmund
   913 | D:2      | Killed Sigmund
   913 | D:2      | Reached XP level 4. HP: 14/35 MP: 4/4
   913 | D:2      | Reached XP level 5. HP: 16/41 MP: 5/5
  1322 | D:2      | Found a shimmering altar of Xom.
  1705 | D:3      | Noticed Fluffy's ghost (average HuFi)
  1718 | D:3      | Killed Fluffy's ghost
  1718 | D:3      | Reached skill level 4 in Fighting
  1718 | D:3      | Reached XP level 6. HP: 9/48 MP: 6/6
  2653 | D:4      | Reached XP level 7. HP: 54/54 MP: 7/7
  3393 | D:4      | Noticed Jessica
  3405 | D:4      | Found a deep blue altar of Sif Muna.
  3431 | D:4      | Killed Jessica
  3431 | D:4      | Reached skill level 5 in Armour
  3752 | D:5      | Entered Level 5 of the Dungeon
  3814 | D:5      | Found a staircase to the Ecumenical Temple.
  3835 | Temple   | Entered the Ecumenical Temple
  3908 | Temple   | Became a worshipper of Zin the Law-Giver
  3908 | Temple   | Acquired Zin's first power
  4096 | D:5      | Found an ancient bone altar of Kikubaaqudgha.
  4153 | D:5      | Reached skill level 1 in Invocations
  4221 | D:5      | Reached XP level 8. HP: 28/61 MP: 9/9
  4448 | D:5      | Slain by a gnoll sergeant

Action                   |  1- 3 |  4- 6 |  7- 9 || total
-------------------------+-------+-------+-------++-------
Melee: Long sword        |    78 |   155 |   175 ||   408
       Short sword       |     4 |       |       ||     4
Evoke: Wand              |       |       |     3 ||     3
  Use: Scroll            |     4 |     6 |     4 ||    14
       Potion            |       |     1 |     3 ||     4
  Eat: Chunk             |       |     6 |     6 ||    12
